 Dungeon Crawl Stone Soup version 0.26-a0-597-gb535b0901c (webtiles) character file.

Game seed: 4501421115304695213

(classic levelgen) 133746 EnegeticOcto the Severer (level 16, 0/150 HPs)
             Began as a Deep Dwarf Fighter on Aug 28, 2020.
             Was the Champion of Makhleb.
             Hit by a silver javelin thrown by a merfolk javelineer (1 damage)
             ... on level 4 of the Shoals.
             The game lasted 00:16:54 (13751 turns).

EnegeticOcto the Severer (Deep Dwarf Fighter)      Turns: 13751, Time: 00:16:55

Health: 0/150      AC: 25    Str: 27      XL:     16   Next: 30%
Magic:  0/0        EV: 12    Int: 11      God:    Makhleb [******]
Gold:   237        SH: 15    Dex: 14 (15) Spells: 15/15 levels left

rFire    + . .     SeeInvis .   a - +5 broad axe (vorpal)
rCold    . . .     Faith    .   j - +1 kite shield of Fun and Games {rN+ Stlth+}
rNeg     + + .     Spirit   .   t - +0 plate armour
rPois    +         Reflect  .   L - +1 helmet
rElec    +         Harm     .   H - +2 cloak
rCorr    .                      (no gloves)
MR       ++++.                  J - +2 pair of boots
Stlth    ..........             N - amulet "Beav" {Inacc rElec rPois Int+2}
HPRegen  0.00/turn              (no ring)
MPRegen  0.07/turn              y - ring "Rain" {rF+ MR+ Dex+3 Slay+5, =R}

@: flying, very slightly contaminated, non-regenerating, invisible (expiring)
A: damage resistance, heal wounds, deterioration 1, high mp 1, magic resistance
1, negative energy resistance 1, sense surroundings 2, wild magic 1, no
regeneration
}: 1/15 runes: serpentine
a: Heal Wounds, Minor Destruction, Lesser Servant of Makhleb, Major Destruction,
Greater Servant of Makhleb, Renounce Religion


You were on level 4 of the Shoals.
You worshipped Makhleb.
Makhleb was exalted by your worship.
You visited 6 branches of the dungeon, and saw 30 of its levels.
You visited 1 bazaar.
You also visited: Ice Cave.

You collected 2182 gold pieces.
You spent 1945 gold pieces at shops.

Inventory:

Hand Weapons
 a - a +5 vorpal broad axe (weapon)
 x - a +1 war axe of draining
Missiles
 s - a throwing net (quivered)
Armour
 j - the +1 kite shield of Fun and Games (worn) {rN+ Stlth+}
   (You found it on level 4 of the Dungeon)

   It protects you from negative energy.
   It makes you more stealthy.
 t - a +0 plate armour (worn)
 H - a +2 cloak (worn)
 J - a +2 pair of boots (worn)
 L - a +1 helmet (worn)
Jewellery
 h - an uncursed amulet of faith
 p - an uncursed ring of protection from magic
 y - the ring "Rain" (right hand) {rF+ MR+ Dex+3 Slay+5, =R}
   (You bought it in a shop on level 7 of the Dungeon)

   [ring of protection from magic]

   It affects your dexterity (+3).
   It affects your accuracy and damage with ranged weapons and melee attacks
   (+5).
   It protects you from fire.
   It affects your resistance to hostile enchantments.
 K - an uncursed ring of poison resistance {unknown}
 N - the amulet "Beav" (around neck) {Inacc rElec rPois Int+2}
   (You bought it in a shop on level 1 of the Orcish Mines)

   [amulet of inaccuracy]

   It reduces the accuracy of all your attacks.
   It affects your intelligence (+2).
   It insulates you from electricity.
   It protects you from poison.
Wands
 q - a wand of digging (3) {@v3}
 u - a wand of iceblast (8) {@v2}
 z - a wand of disintegration (15)
 I - a wand of polymorph (9)
Scrolls
 b - a scroll of fog
 e - 9 scrolls of teleportation {@r3}
 k - 2 scrolls of magic mapping {@r5}
 l - 7 scrolls of fear
 n - 9 scrolls of remove curse {@r2}
 w - a scroll of identify {@r1}
 A - a scroll of blinking
Potions
 c - 4 potions of stabbing {@q5}
 d - 3 potions of might {@q3}
 f - 3 potions of heal wounds {@q2}
 m - 2 potions of mutation
 o - 6 potions of curing {@q1}
 r - 5 potions of haste {@q4}
 v - 3 potions of lignification {@q7}
 B - 2 potions of magic
 C - 2 potions of berserk rage
 D - a potion of flight
 E - a potion of cancellation
 G - a potion of resistance {@q6}
 M - a potion of invisibility
Miscellaneous
 g - a box of beasts (2/3)
 F - a condenser vane (inert)


   Skills:
 + Level 11.2 Fighting
 * Level 17.1 Axes
 + Level 12.9 Armour
 + Level 7.9 Dodging
 + Level 12.9 Shields
 + Level 14.1 Invocations
 + Level 9.6 Evocations


You had 15 spell levels left.
You didn't know any spells.
Your spell library was empty.

Dungeon Overview and Level Annotations

Branches:
Dungeon (13/15)            Temple (1/1) D:4            Lair (6/6) D:8
 Shoals (4/4) Lair:2        Snake (4/4) Lair:4        Slime (0/5) Lair:5
    Orc (2/2) D:9             Elf (0/3) Orc:2         IceCv (visited)
 Vaults: D:13-14

Altars:
Ashenzari
Cheibriados
Elyvilon
Gozag
Hepliaklqana
Kikubaaqudgha
Makhleb
Nemelex Xobeh
Okawaru
Qazlal
Ru
Sif Muna
Trog
Wu Jian
Xom
Yredelemnul
Zin
The Shining One
Beogh

Shops:
D:6 !   D:7 =   Orc:1 =   Orc:2 *??=   Shoals:1 *   Shoals:4 [   Snake:2 (

Annotations:
D:8 exclusion: door
Snake:1 Roxanne


Innate Abilities, Weirdness & Mutations

You are resistant to damage.
You can heal yourself by infusing magical energy.
You resist negative energy. (rN+)
You passively map the area around you.
You do not regenerate.
Your body sometimes deteriorates upon taking damage.
You have an increased reservoir of magic. (+10% MP)
You are resistant to hostile enchantments. (MR+)
Your spells are a little harder to cast, but a little more powerful.


Message History

Evoke which item? (* to show all) (? for menu, Esc to quit)
Okay, then.
Press: ? - help, Dir - move target cursor
As you read the scroll of blinking, it crumbles to dust.
The merfolk javelineer throws a javelin.
The javelin pierces through the water nymph!!
The javelin pierces through the manticore!
The javelin closely misses you.
You don't have enough innate magic capacity.
You don't have enough innate magic capacity.
A merfolk impaler comes into view. It is wielding a +0 trident.
The merfolk impaler shouts!
The merfolk impaler shouts!
You block the merfolk impaler's attack.
The merfolk javelineer throws a javelin.
You hear a splash.
Found a barnacled rune of Zot.
Unknown command.
The water nymph gestures at you while chanting.
The merfolk javelineer throws a silver javelin.
The silver javelin closely misses the water nymph.
The silver javelin barely misses you.
You hear a splash.
The merfolk javelineer throws a javelin.
The javelin pierces through the harpy!!
You hear a splash.
The harpy closely misses you. You block the harpy's attack.
You block the harpy's attack. x3; The harpy barely misses you.
The merfolk impaler hits you from afar with a +0 trident!
* * * LOW HITPOINT WARNING * * *
You block the water nymph's attack.
The merfolk javelineer throws a silver javelin.
The silver javelin pierces through the harpy!
The silver javelin pierces through the water nymph!!
The water nymph dies!
The silver javelin pierces through you.
* * * LOW HITPOINT WARNING * * *
The silver sears you!
You hear a splash.
The merfolk javelineer throws a javelin.
The javelin pierces through the harpy!!
The harpy dies!
You hear a splash.
The merfolk impaler hits you from afar with a +0 trident!
* * * LOW HITPOINT WARNING * * *
You flicker for a moment.
You block the harpy's attack. x2
The merfolk javelineer throws a silver javelin.
The silver javelin pierces through the harpy!!
The harpy dies!
The silver javelin misses you.
You hear a splash.
The merfolk javelineer throws a javelin.
The javelin barely misses the manticore.
You hear a splash.
The merfolk impaler closely misses you. You block the merfolk impaler's attack.
The merfolk javelineer throws a silver javelin.
The silver javelin barely misses you.
You hear a splash.
The merfolk javelineer throws a javelin.
The javelin closely misses the manticore.
You hear a splash.
The merfolk impaler barely misses you. The manticore bites you!
* * * LOW HITPOINT WARNING * * *
You block the manticore's attack. x2
The merfolk javelineer throws a silver javelin.
The silver javelin barely misses you.
You hear a splash.
You block the merfolk impaler's attack.
The merfolk javelineer throws a javelin.
The javelin pierces through the manticore!
You hear a splash.
The merfolk impaler hits you but does no damage.
You block the manticore's attack. The manticore closely misses you.
You block the manticore's attack.
The merfolk javelineer throws a silver javelin.
The silver javelin pierces through you!
* * * LOW HITPOINT WARNING * * *
The silver sears you!
You hear a splash.
The merfolk javelineer throws a javelin.
The javelin pierces through the manticore!!
The manticore dies!
You hear a splash.
You block the merfolk impaler's attack.
The merfolk javelineer throws a silver javelin.
The silver javelin pierces through you. The silver sears you!
You hear a splash.
The merfolk impaler hits you from afar with a +0 trident!
* * * LOW HITPOINT WARNING * * *
The merfolk javelineer throws a javelin.
You hear a splash.
The merfolk impaler misses you.
The merfolk javelineer throws a silver javelin.
The silver javelin pierces through you!
* * * LOW HITPOINT WARNING * * *
The silver sears you!
You die...

, ≈ ≈ ≈≈≈≈........P ≈≈ *
, ≈ ≈ ......P.... ≈ ≈
≈≈≈######..P.P...P,, ≈ ,
##≈≈≈≈.#≈.mP...P.PP≈ ≈ ≈
##≈≈..#.≈#m≈≈≈......* ###
, ≈≈ #≈≈.#≈.m≈.#≈≈≈.....#
≈≈≈≈ ≈
#≈≈≈≈≈m.#.#mm.....#≈#≈≈≈≈
≈ ≈
#≈≈≈##≈≈†.#.≈....#≈#≈≈≈#
≈
≈#≈.,≈#≈#@.#..†...#.≈≈≈#
#≈#φ.≈≈..≈#..mH≈.#≈≈≈#*≈≈
#≈#.≈..≈##t.(Ht(#)≈#≈≈≈.
,,
#≈≈≈≈≈##...≈≈†≈(≈.≈≈≈.) ,
, #######.(..((((##≈....#
, ,,, ≈ ≈
##....###.##≈≈≈≈≈ , , * ≈
####......###### , *
##..≈≈≈≈≈≈≈≈≈ * ,,
##.....≈≈≈≈≈


You could see a merfolk impaler, 2 merfolk javelineers and a merfolk.

Vanquished Creatures
  Bai Suzhen (Shoals:4)
  A kraken (Shoals:4)
  Kirke (Snake:4)
  2 nagarajas (Snake:4)
  2 orc warlords (Orc:2)
  2 stone giants
  Snorg (Orc:2)
  2 merfolk javelineers (Shoals:4)
  5 merfolk impalers
  Fannar (D:12)
  2 hydras
  2 naga warriors (Snake:4)
  9 two-headed ogres
  2 catoblepae
  A death knight (D:13)
  5 death yaks (Lair:2)
  A merfolk avatar (Shoals:4)
  Urug (D:13)
  A shock serpent (Lair:4)
  3 naga sharpshooters
  A tengu warrior (D:13)
  2 orc high priests (Orc:2)
  A skeletal warrior (D:13)
  4 sea snakes
  An unseen horror (D:12)
  Pikel (D:9)
  An ugly thing (D:9)
  5 harpies (Shoals:1)
  2 orc knights (Orc:2)
  A wolf spider zombie (D:12)
  7 deep elf magi (D:11)
  4 manticores
  A faun (Shoals:2)
  3 orc sorcerers (Orc:2)
  4 cyclopes
  2 salamanders
  7 elephants (Lair:5)
  A guardian serpent (Snake:4)
  4 centaur zombies
  12 black mambas
  3 merfolk sirens
  A torpor snail (Lair:3)
  An ice statue (IceCv)
  An eye of devastation (Lair:5)
  7 naga magi
  A rime drake (Lair:4)
  5 cane toads
  4 ice devils (IceCv)
  9 komodo dragons
  A troll (shapeshifter) (D:13)
  3 trolls (Orc:2)
  3 merfolk
  A polar bear (Lair:5)
  A hornet (D:9)
  18 blink frogs
  Prince Ribbit (D:6)
  7 slime creatures
  4 snapping turtles
  4 hippogriffs
  3 wraiths (D:13)
  A shadow (D:13)
  33 yaks
  2 wyverns
  4 basilisks
  3 hogs (Snake:4)
  28 nagas
  8 wargs (Orc:2)
  Duvessa (D:4)
  12 water moccasins
  12 porcupines
  5 necrophages
  34 orc warriors
  2 ice beasts (D:9)
  3 sky beasts
  3 black bears
  A phantom (D:10)
  5 eyes of draining
  14 ogres
  6 wolves (Lair:5)
  7 centaurs
  11 crocodiles
  A big kobold (D:7)
  Dowan (D:4)
  21 bullfrogs
  2 scorpions
  8 killer bees
  18 wights
  3 howler monkeys
  A bullfrog zombie (D:13)
  A quasit (D:6)
  9 hounds
  4 centaur skeletons
  26 orc wizards
  25 orc priests
  2 bullfrog skeletons
  6 jellies
  5 iguanas
  Natasha (thrice) (D:4)
  11 worker ants
  7 hell rats (Lair:5)
  A hound skeleton (D:9)
  3 mummies (D:12)
  2 worker ant zombies
  6 adders
  4 gnolls (D:4)
  2 howler monkey skeletons
  3 shadow imps
  14 white imps
  An ufetubus (D:5)
  2 oozes
  2 adder skeletons
  An adder zombie (D:5)
  A worm (D:5)
  A dart slug (D:3)
  2 leopard geckos
  129 orcs
  2 giant cockroaches
  14 goblins
  6 hobgoblins
  8 jackals
  2 bats (D:3)
  2 frilled lizards (D:2)
  18 kobolds
  A leopard gecko skeleton (D:7)
  2 quokka skeletons
  A quokka zombie (D:6)
  A tentacle (Shoals:4)
767 creatures vanquished.

Vanquished Creatures (collateral kills)
  Frances (Shoals:1)
  4 nagarajas (Snake:4)
  6 naga warriors (Snake:4)
  2 hydras
  A merfolk avatar (Shoals:1)
  2 orc high priests (Orc:2)
  3 naga sharpshooters (Snake:4)
  2 naga ritualists (Snake:4)
  An orc knight (Orc:2)
  An orc sorcerer (Orc:2)
  A deep elf mage (D:11)
  A manticore (Shoals:1)
  2 black mambas
  A naga mage (Snake:4)
  2 water nymphs
  A komodo dragon (Lair:6)
  An ice devil (IceCv)
  2 merfolk
  A snapping turtle (Shoals:1)
  A hippogriff (Shoals:1)
  14 nagas (Snake:4)
  6 orc warriors (Orc:2)
  2 electric eels (D:11)
  7 orc priests (Orc:2)
  3 orcs (Orc:2)
68 creatures vanquished.

Vanquished Creatures (others)
  Erolcha (D:13)
  5 harpies (Shoals:4)
  A manticore (Shoals:4)
  A water nymph (Shoals:4)
  An orc priest (Orc:2)
  68 fungi
  58 plants
  3 tentacles (Shoals:4)
138 creatures vanquished.

Grand Total: 973 creatures vanquished

Notes
Turn   | Place    | Note
-------+----------+-------------------------------------------
     0 | D:1      | EnegeticOcto the Deep Dwarf Fighter began the quest for the
                  | Orb.
     0 | D:1      | Reached XP level 1. HP: 20/20 MP: 1/1
   130 | D:3      | Reached XP level 2. HP: 16/27 MP: 2/2
   183 | D:3      | Found a basalt altar of Yredelemnul.
   185 | D:3      | Found a sacrificial altar of Ru.
   232 | D:4      | Reached skill level 3 in Axes
   232 | D:4      | Reached XP level 3. HP: 29/34 MP: 3/3
   317 | D:4      | Reached XP level 4. HP: 36/42 MP: 4/4
   354 | D:4      | Got a pitted kite shield
   365 | D:4      | Identified the +1 kite shield of Fun and Games {rN+ Stlth+}
                  | (You found it on level 4 of the Dungeon)
   466 | D:4      | Noticed Natasha
   472 | D:4      | Killed Natasha
   512 | D:4      | Noticed Natasha
   520 | D:4      | Killed Natasha
   520 | D:4      | Reached skill level 4 in Axes
   520 | D:4      | Reached XP level 5. HP: 43/49 MP: 5/5
   608 | D:4      | Noticed an ogre
   615 | D:4      | Killed an ogre
   621 | D:4      | Reached XP level 6. HP: 23/57 MP: 6/6
   672 | D:4      | Found a sparkling altar of Nemelex Xobeh.
   756 | D:4      | Found a white marble altar of Elyvilon.
   757 | D:4      | Found a stormy altar of Qazlal.
   807 | D:4      | Reached skill level 5 in Axes
   927 | D:4      | Noticed Duvessa
   927 | D:4      | Noticed Dowan
   944 | D:4      | Killed Duvessa
   947 | D:4      | Reached XP level 7. HP: 54/64 MP: 6/6
  1089 | D:4      | Noticed Natasha
  1100 | D:4      | Killed Natasha
  1103 | D:4      | Killed Dowan
  1103 | D:4      | Reached skill level 5 in Armour
  1103 | D:4      | Reached skill level 5 in Shields
  1159 | D:4      | Found a staircase to the Ecumenical Temple.
  1169 | Temple   | Entered the Ecumenical Temple
  1217 | Temple   | Became a worshipper of Makhleb the Destroyer
  1316 | D:5      | Entered Level 5 of the Dungeon
  1343 | D:5      | Reached skill level 6 in Axes
  1353 | D:5      | Reached skill level 1 in Invocations
  1395 | D:5      | Reached * piety under Makhleb
  1418 | D:5      | Found a bloodstained altar of Trog.
  1688 | D:6      | Found Luig's Distillery.
  1700 | D:6      | Reached XP level 8. HP: 45/73 MP: 7/7
  1746 | D:5      | Reached skill level 7 in Axes
  1771 | D:6      | Bought a potion of haste for 150 gold pieces
  1776 | D:6      | Reached ** piety under Makhleb
  1787 | D:6      | Found a glowing golden altar of the Shining One.
  1832 | D:6      | Reached skill level 5 in Fighting
  2014 | D:6      | Noticed Prince Ribbit
  2026 | D:6      | Killed Prince Ribbit
  2294 | D:7      | Reached skill level 8 in Axes
  2420 | D:7      | Gained mutation: You passively map the area around you.
                  | [Deep Dwarf growth]
  2420 | D:7      | Reached XP level 9. HP: 81/81 MP: 6/6
  2714 | D:7      | Found Tewnes's Jewellery Emporium.
  3199 | D:8      | Reached skill level 5 in Invocations
  3216 | D:8      | Reached *** piety under Makhleb
  3235 | D:8      | Found a staircase to the Lair.
  3251 | D:8      | Reached skill level 9 in Axes
  3320 | D:8      | Found a shimmering blue altar of Sif Muna.
  3760 | D:9      | Reached XP level 10. HP: 84/90 MP: 8/8
  3776 | D:9      | Noticed a two-headed ogre
  3781 | D:9      | Noticed Pikel
  3802 | D:9      | Killed Pikel
  3809 | D:9      | Reached skill level 10 in Axes
  3812 | D:9      | Killed a two-headed ogre
  4002 | D:9      | Reached **** piety under Makhleb
  4006 | D:9      | Found a staircase to the Orcish Mines.
  4042 | D:9      | Found a bloodstained altar of Trog.
  4152 | D:9      | Noticed a white ugly thing
  4160 | D:9      | Killed a white ugly thing
  4263 | Orc:1    | Entered Level 1 of the Orcish Mines
  4292 | Orc:1    | Found Kir Yfao's Jewellery Shoppe.
  4309 | Orc:1    | Reached skill level 11 in Axes
  4444 | Orc:2    | Entered Level 2 of the Orcish Mines
  4479 | Orc:2    | Noticed a two-headed ogre
  4482 | Orc:2    | Noticed Snorg
  4488 | Orc:2    | Killed a two-headed ogre
  4488 | Orc:2    | Reached XP level 11. HP: 50/100 MP: 8/10
  4502 | Orc:2    | Noticed a two-headed ogre
  4510 | Orc:2    | Noticed a two-headed ogre
  4512 | Orc:2    | Killed Snorg
  4520 | Orc:2    | Killed a two-headed ogre
  4525 | Orc:2    | Killed a two-headed ogre
  4559 | Orc:2    | Reached ***** piety under Makhleb
  4567 | Orc:2    | Noticed a two-headed ogre
  4576 | Orc:2    | Killed a two-headed ogre
  4581 | Orc:2    | Noticed a two-headed ogre
  4592 | Orc:2    | Killed a two-headed ogre
  4761 | Orc:2    | Reached skill level 12 in Axes
  4767 | Orc:2    | Noticed an orc sorcerer
  4772 | Orc:2    | Killed an orc sorcerer
  4922 | Orc:2    | Noticed an orc high priest
  4927 | Orc:2    | Noticed a soul eater
  4943 | Orc:2    | Killed an orc high priest
  4979 | Orc:2    | Noticed an orc high priest
  4981 | Orc:2    | Found Cecraot's Magic Scroll Shop.
  4983 | Orc:2    | Noticed a sixfirhy
  4999 | Orc:2    | Killed an orc high priest
  5021 | Orc:2    | Noticed an orc warlord
  5067 | Orc:2    | Killed an orc warlord
  5067 | Orc:2    | Reached XP level 12. HP: 111/111 MP: 10/10
  5143 | Orc:2    | Found Noriz's Jewellery Shoppe.
  5144 | Orc:2    | Noticed an orc high priest
  5166 | Orc:2    | Killed an orc high priest
  5218 | Orc:2    | Found a roughly hewn altar of Beogh.
  5235 | Orc:2    | Noticed an orc high priest
  5250 | Orc:2    | Killed an orc high priest
  5250 | Orc:2    | Reached skill level 10 in Invocations
  5398 | Orc:2    | Reached skill level 13 in Axes
  5481 | Orc:2    | Found a staircase to the Elven Halls.
  5542 | Orc:2    | Reached skill level 10 in Shields
  5580 | Orc:2    | Reached skill level 10 in Armour
  5707 | Orc:2    | Found a roughly hewn altar of Beogh.
  5707 | Orc:2    | Noticed a stone giant
  5725 | Orc:2    | Killed a stone giant
  5741 | Orc:2    | Noticed a two-headed ogre
  5752 | Orc:2    | Killed a two-headed ogre
  5830 | Orc:2    | Found Heskaneo's Assorted Antiques.
  5846 | Orc:2    | Found Qaarisan's Magic Scroll Shoppe.
  5846 | Orc:2    | Noticed an orc warlord
  5872 | Orc:2    | Killed an orc warlord
  6223 | D:7      | Bought the ring "Rain" {rF+ MR+ Dex+3 Slay+5} for 861 gold
                  | pieces
  6267 | D:8      | Gained mutation: Your mind is acute. (Int +2) [potion of
                  | mutation]
  6267 | D:8      | Gained mutation: Your movements are slightly less
                  | encumbered by armour. (ER -2) [potion of mutation]
  6268 | D:8      | Lost mutation: Your mind is acute. (Int +2) [potion of
                  | mutation]
  6268 | D:8      | Lost mutation: Your movements are slightly less encumbered
                  | by armour. (ER -2) [potion of mutation]
  6268 | D:8      | Gained mutation: You have sharp toenails. [potion of
                  | mutation]
  6268 | D:8      | Gained mutation: Your body sometimes deteriorates upon
                  | taking damage. [potion of mutation]
  6268 | D:8      | Gained mutation: You are resistant to hostile enchantments.
                  | (MR+) [potion of mutation]
  6269 | D:8      | Lost mutation: Your body sometimes deteriorates upon taking
                  | damage. [potion of mutation]
  6269 | D:8      | Lost mutation: You are resistant to hostile enchantments.
                  | (MR+) [potion of mutation]
  6269 | D:8      | Lost mutation: You have sharp toenails. [potion of
                  | mutation]
  6269 | D:8      | Gained mutation: You are frail. (-10% HP) [potion of
                  | mutation]
  6269 | D:8      | Gained mutation: You have a pair of small antennae on your
                  | head. [potion of mutation]
  6270 | D:8      | Lost mutation: You are frail. (-10% HP) [potion of
                  | mutation]
  6270 | D:8      | Lost mutation: You have a pair of small antennae on your
                  | head. [potion of mutation]
  6270 | D:8      | Gained mutation: You are resistant to hostile enchantments.
                  | (MR+) [potion of mutation]
  6270 | D:8      | Gained mutation: Your body sometimes deteriorates upon
                  | taking damage. [potion of mutation]
  6270 | D:8      | Gained mutation: Your spells are a little harder to cast,
                  | but a little more powerful. [potion of mutation]
  6270 | D:8      | Gained mutation: You have an increased reservoir of magic.
                  | (+10% MP) [potion of mutation]
  6286 | Lair:1   | Entered Level 1 of the Lair of Beasts
  6341 | Lair:1   | Reached ****** piety under Makhleb
  6607 | Lair:2   | Reached XP level 13. HP: 104/121 MP: 8/8
  6676 | Lair:2   | Reached skill level 1 in Evocations
  6728 | Lair:2   | Reached skill level 14 in Axes
  6758 | Lair:2   | Reached skill level 1 in Dodging
  6943 | Lair:2   | Found a staircase to the Shoals.
  7388 | Lair:3   | Found a frozen archway.
  7410 | IceCv    | Entered an ice cave
  8370 | Lair:4   | You fall into a shaft and drop 2 floors!
  8370 | Lair:6   | Entered Level 6 of the Lair of Beasts
  8524 | Lair:5   | Found a staircase to the Slime Pits.
  8621 | Lair:5   | Gained mutation: You resist negative energy. (rN+) [Deep
                  | Dwarf growth]
  8621 | Lair:5   | Reached XP level 14. HP: 86/130 MP: 7/7
  8637 | Lair:5   | Reached skill level 5 in Evocations
  8706 | Lair:5   | Reached skill level 15 in Axes
  9462 | Lair:4   | Found a staircase to the Snake Pit.
  9830 | Orc:1    | Bought the amulet "Beav" {Inacc rElec rPois Int+2} for 264
                  | gold pieces
  9960 | Orc:1    | Noticed a stone giant
  9982 | Orc:1    | Killed a stone giant
 10191 | Orc:2    | Bought a scroll of brand weapon for 380 gold pieces
 10266 | D:10     | Entered Level 10 of the Dungeon
 10741 | D:10     | You fall into a shaft and drop 3 floors!
 10759 | D:13     | Noticed Erolcha
 10760 | D:13     | Noticed Urug
 10762 | D:13     | Killed Erolcha
 10762 | D:13     | Reached skill level 10 in Fighting
 10794 | D:13     | Killed Urug
 10809 | D:13     | Reached skill level 5 in Dodging
 11418 | D:12     | Noticed Fannar
 11486 | D:12     | Killed Fannar
 11812 | D:11     | Found a flickering gateway to a bazaar.
 11817 | Bazaar   | Entered a bazaar
 11824 | Bazaar   | Found Zitzex's Assorted Antiques.
 11826 | Bazaar   | Found Athreetua's General Store.
 11841 | Bazaar   | Found Madick's Distillery.
 11845 | Bazaar   | Bought a potion of resistance for 130 gold pieces
 11845 | Bazaar   | Bought a potion of haste for 130 gold pieces
 11874 | Bazaar   | Found Gucran's General Store.
 12000 | D:11     | Reached XP level 15. HP: 80/139 MP: 8/8
 12034 | D:11     | Found a roughly hewn altar of Beogh.
 12454 | Snake:1  | Entered Level 1 of the Snake Pit
 12478 | Snake:1  | Reached skill level 16 in Axes
 12486 | Snake:1  | Identified Roxanne's Handbook of the Exiled Deaths
 12486 | Snake:1  | Noticed Roxanne
 12540 | Snake:2  | Found Xaicos's Antique Weapon Boutique.
 12640 | Snake:4  | Entered Level 4 of the Snake Pit
 12762 | Snake:4  | Noticed a nagaraja
 12773 | Snake:4  | Killed a nagaraja
 12808 | Snake:4  | Noticed a nagaraja
 12810 | Snake:4  | Noticed a nagaraja
 12817 | Snake:4  | Noticed Kirke
 12819 | Snake:4  | Killed a nagaraja
 12821 | Snake:4  | Killed a nagaraja
 12828 | Snake:4  | Noticed a nagaraja
 12835 | Snake:4  | Killed a nagaraja
 12844 | Snake:4  | Killed Kirke
 12875 | Snake:4  | Noticed a nagaraja
 12894 | Snake:4  | Killed a nagaraja
 12922 | Snake:4  | Got a serpentine rune of Zot
 12957 | Snake:4  | Noticed a nagaraja
 12966 | Snake:4  | Killed a nagaraja
 13142 | Shoals:1 | Entered Level 1 of the Shoals
 13142 | Shoals:1 | Found Aser Qiac's General Store.
 13142 | Shoals:1 | Noticed Frances
 13151 | Shoals:1 | Killed Frances
 13274 | Shoals:1 | Bought a scroll of fog for 30 gold pieces
 13498 | Shoals:4 | Entered Level 4 of the Shoals
 13498 | Shoals:4 | Found Uqihaaq's Antique Armour Emporium.
 13510 | Shoals:4 | Noticed a kraken
 13520 | Shoals:4 | Reached XP level 16. HP: 130/150 MP: 5/5
 13523 | Shoals:4 | Killed a kraken
 13567 | Shoals:4 | Reached skill level 17 in Axes
 13695 | Shoals:4 | Noticed Bai Suzhen
 13720 | Shoals:4 | HP: 4/150 [Bai Suzhen/torrent of water (45)]
 13730 | Shoals:4 | Killed Bai Suzhen
 13751 | Shoals:4 | HP: 1/150 [merfolk javelineer/silver javelin (11)]
 13751 | Shoals:4 | Hit by a silver javelin thrown by a merfolk javelineer

Illustrated notes

Levels and vault maps discovered:
D:1:      scummos_arrival_forest, layout_loops_cross
D:2:      layout_basic, nicolae_ru_path_of_blood
D:3:      layout_loops_corners, minitemple, uniq_grinder
D:4:      corexii_shantytown, layout_basic, gammafunk_temple_overflow_statue,
          temple_green, nemelex_dance_club_becter, uniq_natasha, uniq_duvessa
D:5:      layout_basic, lemuel_round_altar, serial_bayou_pond_d
D:6:      layout_rooms, basic_altar, serial_shops, shop, uniq_prince_ribbit1
D:7:      layout_loops_corners, serial_shops, shop
D:8:      layout_basic, led_sif_book, due_lair_maze_entry_diamond
D:9:      layout_rooms, orc_0_dummy, trog_hazing_becter, uniq_pikel
D:10:     layout_loops_ring
D:11:     layout_rooms, special_room [special_room_orc],
          ebering_ghost_inner_flame, serial_shops, bzr_entry_safe,
          elves_outpost_lemuel
D:12:     layout_rooms, serial_shops, nicolae_shop_stone, serial_undead,
          serial_undead_f, serial_undead_b, serial_undead_c, serial_undead_b,
          serial_undead_d, serial_undead_b, uniq_fannar
D:13:     layout_small_grid, kennysheep_generic_room_15, uniq_erolcha, uniq_urug
Temple:   eino_temple_rhombus
Lair:1:   layout_loops_ring
Lair:2:   layout_misc_corridors, minmay_shoals_entry_lonely_mermaid,
          cheibrodos_lair_reptile_den
Lair:3:   layout_regular_city, portal_ice_cave_entry_imps, serial_bayou_shore_b
Lair:4:   layout_gridlike, minmay_snake_entry_guardpost_large
Lair:5:   layout_misc_corridors, minmay_slime_entry_eyes, grunt_megastairs_2,
          infiniplex_staircase_pool
Lair:6:   minmay_lair_end_enchanted_forest, layout_long_grid, grunt_megastairs_5
Shoals:1: layout_shoals, serial_shops, shop, hangedman_shoals_cup_caves,
          uniq_louise, uniq_frances
Shoals:2: layout_shoals, uniq_ilsuiw
Shoals:3: layout_shoals, serial_shops, statue_bzr, shop, shop,
          nicolae_shop_window_shopping, nicolae_shop_waterfront, st_shoals_ruin
Shoals:4: shoals_end_hangedman, layout_shoals, serial_shops,
          nicolae_shop_overgrown_old_shop, uniq_bai_suzhen
Snake:1:  layout_misc_corridors, serial_shops, shop_statue, abandoned_shop,
          uniq_roxanne
Snake:2:  layout_cave_pods, basic_altar, serial_shops, shop_fountains,
          shop_fountains, shop, serial_bayou_lagoon_a, drop_trap,
          minmay_shoptagon
Snake:3:  layout_onion, gammafunk_ghost_abyssal_escape, basic_altar, drop_trap,
          grunt_megastairs_3, lemuel_fruit_tree, uniq_agnes
Snake:4:  minmay_snake_end_coiled, layout_layer_cave, st_stairs_12, uniq_kirke
Orc:1:    layout_caves, serial_shops, nicolae_shop_crystal
Orc:2:    pubby_orc_utopia, uniq_snorg

Skill      XL: |  1  2  3  4  5  6  7  8  9 10 11 12 13 14 15 16 |
---------------+-------------------------------------------------+-----
Fighting       | 3 4 5 6 7 8 9 10 11 | 11.2
Axes           | 3 4 5 6 8 9 11 12 13 14 15 16 17 | 17.1
Armour         | 4 5 6 7 8 9 10 11 12 | 12.9
Shields        | 4 5 6 7 8 9 10 11 12 | 12.9
Invocations    | 2 4 6 8 9 10 11 13 14 | 14.1
Evocations     | 4 7 9 |  9.6
Dodging        | 4 6 7 |  7.9

Action                   |  1- 3 |  4- 6 |  7- 9 | 10-12 | 13-15 | 16-18 || total
-------------------------+-------+-------+-------+-------+-------+-------++-------
Melee: War axe           |    75 |   116 |   383 |   680 |   503 |       ||  1757
       Broad axe         |       |       |       |       |   688 |    78 ||   766
Invok: Lesser Servant of |       |       |       |     8 |    10 |       ||    18
       Greater Servant o |       |       |       |       |     5 |       ||     5
 Abil: Heal Wounds       |     1 |     4 |    15 |    38 |    34 |    10 ||   102
Evoke: Box of beasts     |       |       |       |     3 |     3 |       ||     6
       Wand              |       |       |       |       |     4 |     1 ||     5
       Condenser vane    |       |       |       |       |     2 |     2 ||     4
  Use: Scroll            |       |       |    17 |     5 |    12 |     2 ||    36
       Potion            |       |       |       |     5 |       |     3 ||     8
 Stab: Invisible         |       |       |       |     5 |       |       ||     5
       Distracted        |       |       |       |     6 |     5 |       ||    11
Armor: Scale mail        |    36 |    38 |    42 |       |       |       ||   116
       Plate armour      |       |       |   197 |   278 |   580 |    72 ||  1127
Dodge: Dodged            |    21 |    44 |    73 |   146 |   363 |    79 ||   726
Block: Kite shield       |    43 |    85 |   270 |   398 |   872 |   113 ||  1781

Table legend: (Time is in decaauts)
 A = Elapsed time spent in this place.
 B = Non-inter-level travel time spent in this place.
 C = Inter-level travel time spent in this place.
 D = Time resting spent in this place.
 E = Time spent auto-exploring this place.
 F = Levels seen in this place.
 G = Mean time per level.
                   A        B        C        D        E       F      G
               +--------+--------+--------+--------+--------+-----+--------+
         Total |  13696 |  12269 |   1427 |    245 |   7537 |  32 |  428.0 |
       Dungeon |   6437 |   5932 |    505 |    119 |   3693 |  13 |  495.2 |
        Temple |     64 |     42 |     22 |      0 |     40 |   1 |   64.0 |
          Lair |   3491 |   2976 |    515 |      0 |   2263 |   6 |  581.8 |
        Shoals |    585 |    563 |     22 |    100 |    143 |   4 |  146.2 |
     Snake Pit |    583 |    485 |     98 |      0 |    139 |   4 |  145.8 |
  Orcish Mines |   2306 |   2043 |    263 |     26 |   1186 |   2 | 1153.0 |
        Bazaar |     70 |     70 |      0 |      0 |     57 |   1 |   70.0 |
      Ice Cave |    156 |    156 |      0 |      0 |     14 |   1 |  156.0 |
               +--------+--------+--------+--------+--------+-----+--------+

Top non-repeatable levels by time:
   Orc:2: 1786 daAuts
     D:4: 963 daAuts
     D:7: 956 daAuts
  Lair:2: 850 daAuts
  Lair:3: 761 daAuts
     D:8: 758 daAuts
  Lair:4: 750 daAuts
    D:13: 684 daAuts
  Lair:5: 609 daAuts
     D:9: 564 daAuts
   Orc:1: 520 daAuts
     D:6: 496 daAuts
    D:10: 483 daAuts
  Lair:1: 449 daAuts
     D:5: 443 daAuts
